 Dungeon Crawl Stone Soup version 0.27-a0-1579-g97d2440184 (webtiles) character file.

Game seed: 1095526977842931547

73 bilbop the Caller (level 4, 0/25 HPs)
             Began as a Kobold Summoner on July 18, 2021.
             Slain by an iguana (7 damage)
             ... on level 3 of the Dungeon.
             The game lasted 00:15:23 (2937 turns).

bilbop the Caller (Kobold Summoner)                 Turns: 2937, Time: 00:15:24

Health: 0/25       AC:  3    Str:  6    XL:     4   Next: 51%
Magic:  0/8        EV: 14    Int: 16    God:
Gold:   60         SH:  0    Dex: 15    Spells: 5/8 levels left

rFire    . . .     SeeInvis .   a - +0 dagger
rCold    . . .     Faith    .   (shield restricted)
rNeg     . . .     Spirit   .   i - +0 leather armour
rPois    .         Reflect  .   (no helmet)
rElec    .         Harm     .   (no cloak)
rCorr    .         Rampage  .   (no gloves)
Will     .....                  (no boots)
Stlth    +++.......             (no amulet)
HPRegen  0.08/turn              (no ring)
MPRegen  0.11/turn              (no ring)

@: no status effects
A: small, no large weapons, nightstalker 3
a: no special abilities


You were on level 3 of the Dungeon.
You visited 1 branch of the dungeon, and saw 3 of its levels.

You collected 60 gold pieces.

Inventory:

Hand Weapons
 a - a +0 dagger (weapon)
Armour
 c - a +0 robe
 i - a +0 leather armour (worn)
Scrolls
 d - a scroll of teleportation {unknown}
 g - a scroll of vulnerability {unknown}
 j - a scroll of enchant armour {unknown}
 k - a scroll of noise {unknown}
Potions
 b - a potion of flight {unknown}
 e - a potion of magic {unknown}
 f - a potion of brilliance {unknown}
 h - 2 potions of degeneration {unknown}


   Skills:
 + Level 1.4 Fighting
 + Level 1.4 Short Blades
 + Level 0.0 Armour
 + Level 3.1 Dodging
 + Level 3.6 Stealth
 + Level 2.7 Spellcasting
 + Level 4.2 Summonings


You had 5 spell levels left.
You knew the following spells:

 Your Spells              Type           Power      Damage    Failure   Level
a - Summon Small Mammal   Summ           60%        N/A       5%          1
b - Call Imp              Summ           15%        N/A       8%          2

Your spell library contained the following spells:

 Spells                   Type           Power      Damage    Failure   Level
 Call Canine Familiar     Summ           15%        N/A       16%         3
 Summon Guardian Golem    Hex/Summ       9%         N/A       36%         3
 Summon Lightning Spire   Summ/Air       9%         N/A       77%         4


Dungeon Overview and Level Annotations

Branches:
Dungeon (3/15)

Altars:


Innate Abilities, Weirdness & Mutations

You are small and have problems with some larger weapons.
You are completely attuned to the shadows.


Message History

Your white imp barely misses the iguana.
The iguana bites your white imp.
Your white imp dies!
Your crimson imp hits the iguana.
Your crimson imp disappears in a puff of smoke! x2
Casting: Call Imp (safe; 8% risk of failure)
Confirm with . or Enter, or press ? or * to list all spells.
A beastly little devil appears in a puff of flame.
You swap places.
The iguana bites your crimson imp.
Your crimson imp blinks!
Your crimson imp blinks!
You barely miss the iguana.
The iguana is lightly wounded.
You barely miss the iguana.
The iguana is lightly wounded.
The iguana misses you.
You closely miss the iguana.
The iguana is lightly wounded.
The iguana misses you.
Casting: Call Imp (safe; 8% risk of failure)
Confirm with . or Enter, or press ? or * to list all spells.
A shadowy apparition takes form in the air.
The iguana bites you!
You hit the iguana but do no damage.
The iguana is lightly wounded.
The iguana bites you!
* * * LOW HITPOINT WARNING * * *
An adder comes into view.
You swap places.
Your shadow imp hits the iguana.
The iguana closely misses you.
Your shadow imp hits the iguana but does no damage.
Your shadow imp closely misses the iguana.
Your crimson imp blinks!
Your shadow imp gestures at the iguana.
The iguana writhes in agony!
The iguana hisses menacingly.
Casting: Call Imp (safe; 8% risk of failure)
Confirm with . or Enter, or press ? or * to list all spells.
The iguana bites you!
You die...

....... #.#
##.########## #5#
#..........# #.#
##########.## #.#
......# #.# ####..#
#.# ####..# #.#
#.....###########.#
...#....r.@l.5.....#
##.....###########.#
#####.# #.# #.# #.#
#†.... #.# #)####
#S# ... #.#


You could see an iguana (ally target), a friendly shadow imp (summoned) and a
friendly rat (summoned).

Vanquished Creatures
  An adder (D:2)
  A dart slug (D:3)
  4 ball pythons
  3 bats
  3 endoplasms
  2 goblins
  2 hobgoblins
  A kobold (D:3)
  A quokka (D:2)
  3 rats
  A spectral hobgoblin (D:1)
22 creatures vanquished.

Vanquished Creatures (collateral kills)
  2 adders
  3 worms (D:2)
  An orc (D:3)
  A bat (D:1)
  4 endoplasms
  A giant cockroach (D:1)
  A goblin (D:2)
  6 hobgoblins
  5 jackals
  2 ball pythons
  2 frilled lizards
  3 kobolds (D:1)
  2 rats
33 creatures vanquished.

Grand Total: 55 creatures vanquished

Notes
Turn   | Place    | Note
-------+----------+-------------------------------------------
     0 | D:1      | bilbop the Kobold Summoner began the quest for the Orb.
     0 | D:1      | Reached XP level 1. HP: 10/10 MP: 3/3
   153 | D:1      | Reached XP level 2. HP: 11/15 MP: 0/5
   860 | D:1      | Found a faded altar of an unknown god.
  1194 | D:1      | Reached XP level 3. HP: 8/20 MP: 2/6
  1495 | D:1      | Learned a level 2 spell: Call Imp
  1502 | D:2      | Reached skill level 1 in Fighting
  1574 | D:2      | Reached skill level 1 in Short Blades
  2152 | D:2      | Reached XP level 4. HP: 25/25 MP: 7/7
  2937 | D:3      | Slain by an iguana

Illustrated notes

Levels and vault maps discovered:
D:1:      psy_arrival_basics, layout_rooms,
          dreamdust_ecumenical_altar_drowned_temple
D:2:      layout_basic, minmay_misc_feat_cross
D:3:      layout_loops_ring

Skill      XL: |  1  2  3  4 |
---------------+-------------+-----
Stealth        | 3 |  3.6
Fighting       | 1 |  1.4
Short Blades   | 1 |  1.4
Dodging        | 3 |  3.1
Spellcasting   | |  2.7
Summonings     | |  4.2

Action                   |  1- 3 |  4- 6 || total
-------------------------+-------+-------++-------
Melee: Unarmed           |    10 |       ||    10
       Dagger            |    64 |    19 ||    83
 Cast: Summon Small Mamm |    36 |     1 ||    37
       Call Imp          |    14 |    16 ||    30
 Stab: Sleeping          |     7 |     6 ||    13
       Distracted        |       |     1 ||     1
Armor: Robe              |    16 |     1 ||    17
Dodge: Dodged            |    88 |    13 ||   101

Table legend: (Time is in decaauts)
 A = Elapsed time spent in this place.
 B = Non-inter-level travel time spent in this place.
 C = Inter-level travel time spent in this place.
 D = Time resting spent in this place.
 E = Time spent auto-exploring this place.
 F = Levels seen in this place.
 G = Mean time per level.
                   A        B        C        D        E       F      G
               +--------+--------+--------+--------+--------+-----+--------+
         Total |   2936 |   2820 |    116 |    294 |   2073 |   3 |  978.7 |
       Dungeon |   2936 |   2820 |    116 |    294 |   2073 |   3 |  978.7 |
               +--------+--------+--------+--------+--------+-----+--------+

Top non-repeatable levels by time:
     D:1: 1499 daAuts
     D:2: 1132 daAuts
     D:3: 305 daAuts
